Map: Dusk Towers

Players

AcerBly (Bly) - Winner!

  • Race: Zerg Zerg

Lambo

  • Race: Zerg Zerg
  • League: Grandmaster

Event: DreamHack ROCCAT LotV Championship

VOD

Have the link to the VOD?

Description

Time

  • Played on: Nov. 27, 2015, 8:52 a.m.
  • Length: 3:25

All games in this series

Show
View Real Time Build Order
Export as new Build Order

AcerBly Zerg - Winner!

Build Orders: Pool Only 

Get SALT Encoding   

  12  0:01  Drone  
  13  0:09  Drone  
  13  0:14  Extractor  
  13  0:28  Spawning Pool  
  12  0:32  Drone  
  13  0:36  Drone  
  13  0:42  Extractor  
  13  0:44  Drone  
  15  0:53  Overlord  
  15  1:14  Queen  
  15  1:16  Metabolic Boost  
  17  1:19  Zergling x2  
  17  1:24  Zergling x2  
  19  1:28  Zergling x2  
  19  1:31  Zergling x2  
  21  1:42  Baneling Nest  
  20  1:48  Overlord  
  20  1:53  Zergling x2  
  21  2:02  Zergling x2  
  22  2:16  Zergling x2  
  23  2:23  Zergling x4  
  23  2:24  Zergling x2  
  26  2:32  Zergling x2  
  26  2:35  Baneling x2  
  26  2:36  Baneling x2  
  27  2:38  Baneling  
  27  2:42  Zergling x2  
  28  2:48  Zergling x2  
Show
View Real Time Build Order
Export as new Build Order

Lambo Zerg 

Build Orders: Hatch First 

Get SALT Encoding   

  12  0:01  Drone  
  13  0:12  Overlord  
  13  0:18  Drone  
  14  0:30  Drone x2  
  16  0:35  Drone  
  17  0:53  Hatchery  
  17  0:55  Drone  
  17  1:07  Spawning Pool  
  17  1:10  Extractor  
  15  1:12  Drone  
  15  1:16  Drone  
  17  1:19  Drone  
  18  1:28  Drone  
  19  1:39  Overlord  
  19  1:50  Drone  
  19  1:54  Queen  
  20  2:00  Zergling x2  
  23  2:05  Drone, Queen  
  26  2:10  Drone  
  27  2:19  Drone  
  28  2:25  Overlord  
  28  2:27  Drone  
  29  2:37  Drone  
  30  2:41  Spine Crawler, Queen  
  31  2:45  Zergling x4  
  31  2:50  Zergling x2  
  34  2:55  Baneling Nest  
  34  2:57  Zergling x2  
  33  3:05  Zergling x4  

Tags
 
Add a new tag
Caveats
  • Supply blocks, unpowered buildings, or Contaminate may cause inaccurate times.
  • Supply counts are checked every 10 seconds.